 Dungeon Crawl Stone Soup version 0.24-a0-48-g0ecae65 (webtiles) character file.

Game seed: 10428634597180617322

82 tatocazan the Chopper (level 4, 0/40 HPs)
             Began as a Hill Orc Fighter on Feb 4, 2019.
             Succumbed to an adder's poison
             ... on level 2 of the Dungeon.
             The game lasted 00:01:22 (1413 turns).

tatocazan the Chopper (Hill Orc Fighter)            Turns: 1413, Time: 00:01:23

Health: 0/40       AC:  7    Str: 16 (18) XL:     4   Next: 43%
Magic:  4/4        EV:  7    Int:  7 (9)  God:
Gold:   48         SH:  8    Dex:  8 (10) Spells: 3/3 levels left

rFire    . . .     SeeInvis .   a - +0 war axe
rCold    . . .     Gourm    .   c - +0 shield
rNeg     . . .     Faith    .   b - +0 scale mail
rPois    .         Spirit   .   (no helmet)
rElec    .         Reflect  .   (no cloak)
rCorr    .         Harm     .   (no gloves)
MR       .....                  (no boots)
Stlth    ..........             (no amulet)
HPRegen  0.00/turn              (no ring)
MPRegen  0.09/turn              (no ring)

@: lethally poisoned (0 -> -16), very slightly contaminated, hasted, invisible,
very quick
A: inhibited regeneration, MP-powered wands
a: no special abilities


You were on level 2 of the Dungeon.
You were hungry.

You visited 1 branch of the dungeon, and saw 2 of its levels.

You collected 48 gold pieces.

Inventory:

Hand Weapons
 a - a +0 war axe (weapon)
Armour
 b - a +0 scale mail (worn)
 c - a +0 shield (worn)
Scrolls
 e - a scroll of random uselessness {unknown}
 g - a scroll of enchant armour {unknown}
 i - 3 scrolls of identify {unknown}
 k - a scroll of enchant weapon {unknown}
Potions
 d - a potion of might
 j - a potion of degeneration
Comestibles
 f - 5 rations


   Skills:
 + Level 4.2 Fighting
 * Level 4.3 Axes
 + Level 3.8 Armour
 + Level 3.8 Shields


You had 3 spell levels left.
You didn't know any spells.
Your spell library was empty.

Dungeon Overview and Level Annotations

Branches:
Dungeon (2/15)

Altars:


Innate Abilities, Weirdness & Mutations

You do not regenerate when monsters are visible.
You expend magic power (3 MP) to strengthen your wands.


Message History

* * * LOW HITPOINT WARNING * * *
You feel sick. The adder barely misses you.
You are very lightly contaminated with residual magic.
You take 2 damage, and have 4/40 hp.
It was a potion of haste.
You feel yourself speed up.
* * * LOW HITPOINT WARNING * * *
You feel sick. You block the adder's attack.
You take 1 damage, and have 3/40 hp.
A leopard gecko comes into view.
* * * LOW HITPOINT WARNING * * *
You feel sick.
The leopard gecko hisses angrily.
You take 1 damage, and have 2/40 hp.
* * * LOW HITPOINT WARNING * * *
You feel sick.
The leopard gecko hisses angrily.
Found a blackened steel amulet.
You take 1 damage, and have 1/40 hp.
The leopard gecko hisses angrily.
You see here a scroll labeled ANILACHUTE.
You die...

#. .. #" #. #. #.###
##.## #.l.# ##...##
## #.@.###.....##...
######.?.##.......#.#
.......S.)..........#
########.###.......#
...........##.....#
#................#
#.#####.##.####'##
###.##.###8.8##
#......##.....##


You could see an adder and a leopard gecko (wandering).

Vanquished Creatures
  4 gnolls (D:2)
  2 adders (D:2)
  A dart slug (D:1)
  4 bats (D:1)
  A giant cockroach (D:1)
  A goblin (D:1)
  A hobgoblin (D:2)
  4 jackals (D:1)
  2 kobolds (D:1)
  3 frilled lizards (D:1)
  4 rats
27 creatures vanquished.

Notes
Turn   | Place    | Note
-------+----------+-------------------------------------------
     0 | D:1      | tatocazan the Hill Orc Fighter began the quest for the Orb.
     0 | D:1      | Reached XP level 1. HP: 19/19 MP: 1/1
    89 | D:1      | Reached XP level 2. HP: 27/27 MP: 2/2
   841 | D:2      | Reached XP level 3. HP: 23/33 MP: 3/3
  1166 | D:2      | Reached XP level 4. HP: 33/40 MP: 4/4
  1407 | D:2      | Gained mutation: You do not regenerate when monsters are
                  | visible. [potion of mutation]
  1407 | D:2      | Gained mutation: You expend magic power (3 MP) to
                  | strengthen your wands. [potion of mutation]
  1410 | D:2      | HP: 2/40 [poisoned by an adder]
  1413 | D:2      | Succumbed to an adder's poison

Vault maps used:
D:1:      minmay_arrival_five_plusses, serial_bayou_pond_a,
          kennysheep_nondescript
D:2:      gammafunk_temple_overflow_elements, dk_noncrumbling_4

Skill      XL: |  1  2  3 |
---------------+----------+-----
Axes           | 3 4 |  4.3
Fighting       | 4 |  4.2
Armour         | |  3.8
Shields        | |  3.8

Action                   |  1- 3 |  4- 6 || total
-------------------------+-------+-------++-------
Melee: War axe           |    74 |    26 ||   100
  Use: Potion            |       |     4 ||     4
  Eat: Chunk             |       |     1 ||     1
Armor: Scale mail        |    43 |    13 ||    56
Dodge: Dodged            |    25 |    12 ||    37
Block: Shield            |    39 |    12 ||    51

Table legend:
 A = Non-vault XP
 B = Vault XP
 C = Vault XP percentage of total XP
 D = Non-vault monster count
 E = Vault monster count
 F = Vault count percentage of total count
                 A         B        C        D         E       F
            +---------+---------+-------+---------+---------+-------
      Total |     118 |       0 |   0.0 |      27 |       0 |   0.0
            +---------+---------+-------+---------+---------+-------
        D:1 |      31 |       0 |   0.0 |      18 |       0 |   0.0
        D:2 |      87 |       0 |   0.0 |       9 |       0 |   0.0
            +---------+---------+-------+---------+---------+-------
